 Dungeon Crawl Stone Soup version 0.21.0-3-g78d12a8 (webtiles) character file.

72 wojtek the Grave Robber (level 4, -9/24 HPs)
             Began as a Kobold Necromancer on Jan 14, 2018.
             Killed by nerve-wracking pain
             ... invoked by theanonym's ghost
              (14 damage)
             ... on level 3 of the Dungeon.
             The game lasted 00:06:50 (3711 turns).

wojtek the Grave Robber (Kobold Necromancer)        Turns: 3711, Time: 00:06:50

Health: -9/24      AC:  2    Str:  5    XL:     4   Next: 48%
Magic:  4/7        EV: 15    Int: 17    God:
Gold:   106        SH:  0    Dex: 15    Spells: 6/7 levels left

rFire    . . .     SeeInvis .   h - +0 short sword
rCold    . . .     Gourm    .   (shield restricted)
rNeg     . . .     Faith    .   a - +0 robe
rPois    .         Spirit   .   (no helmet)
rElec    .         Reflect  .   (no cloak)
rCorr    .         Harm     .   (no gloves)
MR       .....                  (no boots)
Stlth    ++........             (no amulet)
HPRegen  0.08/turn              (no ring)
MPRegen  0.10/turn              (no ring)

@: very slightly contaminated
A: small, carnivore
a: no special abilities


You were on level 3 of the Dungeon.
You were completely stuffed.

You visited 1 branch of the dungeon, and saw 3 of its levels.

You collected 106 gold pieces.

Inventory:

Hand Weapons
 h - a +0 short sword (weapon)
 l - a cursed -1 hunting sling
Armour
 a - a +0 robe (worn)
 i - a cursed +0 ring mail
Jewellery
 e - a +1 ring of evasion {unknown}
Scrolls
 d - a scroll of blinking {unknown}
 f - 2 scrolls of identify {unknown}
 j - a scroll of amnesia {unknown}
 k - a scroll of teleportation {unknown}
 m - 2 scrolls of noise {unknown}
 o - a scroll of enchant armour {unknown}
 p - a scroll of fog {unknown}
 q - a scroll of enchant weapon {unknown}
Potions
 g - a potion of haste {unknown}
 n - a potion of curing {unknown}
Books
 b - a book of Necromancy

   Spells                             Type                      Level
   a - Pain                           Necromancy                   1
   b - Animate Skeleton               Necromancy                   1
   c - Vampiric Draining              Necromancy                   3
   d - Regeneration                   Charms/Necromancy            3
   e - Animate Dead                   Necromancy                   4
   f - Borgnjor's Vile Clutch         Necromancy/Earth             5
Comestibles
 c - 7 rations
 r - 4 chunks of flesh


   Skills:
 + Level 2.4 Short Blades
 - Level 2.4 Dodging
 - Level 2.6 Stealth
 - Level 2.1 Spellcasting
 + Level 5.2 Necromancy


You had 6 spell levels left.
You knew the following spells:

 Your Spells              Type           Power        Failure   Level  Hunger
a - Pain                  Necr           ###.         2%          1    #......


Dungeon Overview and Level Annotations

Branches:
Dungeon (3/15)

Altars:

Annotations:
D:3 theanonym's ghost, amateur DgNe


Innate Abilities, Weirdness & Mutations

You are small and have problems with some larger weapons.
You are carnivorous and can eat meat at any time.


Message History

Confirm with . or Enter, or press ? or * to list all spells.
Aiming: Pain
Press: ? - help, Shift-Dir - straight line, f/p - jackal
Aim: a jackal (almost dead, chance to defeat MR: 89%)
You miscast Pain.
You are very lightly contaminated with residual magic.
Nothing appears to happen.
The jackal misses you. The jackal bites you.
* * * LOW HITPOINT WARNING * * *
Casting: Pain
Confirm with . or Enter, or press ? or * to list all spells.
Aiming: Pain
Press: ? - help, Shift-Dir - straight line, f/p - jackal
Aim: a jackal (almost dead, chance to defeat MR: 89%)
The jackal writhes in agony!
You kill the jackal!
Theanonym's ghost points at you and mumbles some strange words.
Pain shoots through your body!
Ouch! That really hurt!
You die...

.##.# #..........# ....#
#..........#####+##
####+.#....#.#..........#
......#).........#####...
######+..#.#.##.....>.#
.......[...#.##..###..#
#.###....#.#.##..# .### #
... #......####..# ... ...
.#..............@####.#..###
. #..##.#..#..#.#.W........
. #.$#....#.#..##.#.. ##
#......W..#.....
#......##.#######
#########... ..### #.# #.#


You could see theanonym's ghost.

Vanquished Creatures
  An adder (D:2)
  An ooze (D:2)
  A worm (D:2)
  4 dart slugs
  2 leopard geckos (D:1)
  2 giant cockroaches (D:2)
  3 goblins
  7 hobgoblins
  4 jackals (D:3)
  2 quokkas (D:2)
  7 bats
  4 frilled lizards
  4 kobolds (D:1)
  3 rats
45 creatures vanquished.

Notes
Turn   | Place    | Note
-------+----------+-------------------------------------------
     0 | D:1      | wojtek the Kobold Necromancer began the quest for the Orb.
     0 | D:1      | Reached XP level 1. HP: 10/10 MP: 3/3
   743 | D:1      | Reached XP level 2. HP: 15/15 MP: 3/5
  1273 | D:1      | Reached XP level 3. HP: 11/19 MP: 0/6
  1943 | D:2      | Reached skill level 1 in Short Blades
  2256 | D:2      | Reached skill level 5 in Necromancy
  2948 | D:2      | Reached XP level 4. HP: 18/24 MP: 1/7
  3697 | D:3      | Noticed theanonym's ghost (amateur DgNe)
  3711 | D:3      | Killed from afar by theanonym's ghost

Skill      XL: |  1  2  3  4 |
---------------+-------------+-----
Short Blades   | 1 2 |  2.4
Necromancy     | 5 |  5.2
Dodging        | |  2.4
Stealth        | |  2.6
Spellcasting   | |  2.1

Action                   |  1- 3 |  4- 6 || total
-------------------------+-------+-------++-------
Melee: Club              |    10 |       ||    10
       Short sword       |    37 |    18 ||    55
 Cast: Pain              |    62 |    28 ||    90
 Stab: Sleeping          |     2 |     1 ||     3
  Eat: Chunk             |    15 |     3 ||    18
Armor: Robe              |     4 |     3 ||     7
Dodge: Dodged            |    46 |    17 ||    63
